 Dungeon Crawl Stone Soup version 0.20-a0-623-gaf3b657 (webtiles) character file.

261 Laan the Covert (level 6, -1/35 HPs)
             Began as a Kobold Assassin on Feb 10, 2017.
             Was an Initiate of Ashenzari.
             Succumbed to a scorpion's poison
             ... on level 4 of the Dungeon.
             The game lasted 00:13:02 (4640 turns).

Laan the Covert (Kobold Assassin)                   Turns: 4640, Time: 00:13:03

Health: -1/35      AC:  5    Str:  7 (8)  XL:     6   Next: 41%
Magic:  5/5        EV: 14    Int: 14 (17) God:    Ashenzari [......]
Gold:   134        SH:  0    Dex: 16 (17) Spells: 5/5 levels left

rFire    . . .     SeeInvis .   a - +2 dagger
rCold    + . .     Gourm    .   c - +0 robe
rNeg     . . .     Faith    .   (shield restricted)
rPois    .         Spirit   .   o - +0 helmet
rElec    .         Reflect  .   d - +0 cloak
rCorr    .         Harm     .   (no gloves)
MR       +....                  h - +1 pair of boots {Fly}
Stlth    ++++......             (no amulet)
Regen    0.2/turn               (no ring)
                                l - ring of protection from magic

@: brilliant, lethally poisoned (-1 -> -21), flying
A: carnivore 3, clumsy 1, cold resistance 1, deformed body, low mp 1
a: Curse Item, Renounce Religion, Stop Flying


You were on level 4 of the Dungeon.
You worshipped Ashenzari.
Ashenzari was noncommittal.
You were completely stuffed.

You visited 1 branch of the dungeon, and saw 4 of its levels.

You collected 134 gold pieces.

Inventory:

Hand Weapons
 a - a +2 dagger (weapon)
 b - a +0 blowgun
Missiles
 e - 42 poisoned needles
 f - 2 curare-tipped needles
Armour
 c - a +0 robe (worn)
 d - a +0 cloak (worn)
 h - a +1 pair of boots of flying (worn)
 o - a +0 helmet (worn)
Jewellery
 l - a ring of protection from magic (left hand)
Scrolls
 j - 4 scrolls of identify {unknown}
 k - a scroll of recharging {unknown}
 m - 2 scrolls of remove curse
 q - a scroll of noise {unknown}
 s - a scroll of teleportation {unknown}
 v - a scroll of blinking {unknown}
 w - a scroll of magic mapping {unknown}
 x - a scroll of enchant weapon {unknown}
Potions
 i - a potion of heal wounds
 n - a potion of haste
Comestibles
 g - a meat ration
 t - a royal jelly
 z - 3 chunks of flesh


   Skills:
 - Level 2.1 Fighting
 - Level 3.0 Short Blades
 - Level 2.1 Throwing
 - Level 1.2 Dodging
 * Level 10.0 Stealth


You had 5 spell levels left.
You didn't know any spells.

Dungeon Overview and Level Annotations

Branches:
Dungeon (4/15)
 Temple: D:4-7

Altars:
Ashenzari


Innate Abilities, Weirdness & Mutations

You are small and have problems with some larger weapons.
You are carnivorous and can eat meat at any time.
You are clumsy. (Dex -2)
Your flesh is cold resistant. (rC+)
Armour fits poorly on your strangely shaped body.
Your magical capacity is low. (-10% MP)


Message History

You feel sick. The scorpion barely misses you.
It was a potion of degeneration.
There was something very wrong with that liquid.
You feel weakened.
You feel dopey.
You feel clumsy.
* * * LOW HITPOINT WARNING * * *
You feel sick. The scorpion stings you.
* * * LOW HITPOINT WARNING * * *
You are more poisoned.
The scorpion poisons you!
You hit the scorpion.
The scorpion is moderately wounded.
* * * LOW HITPOINT WARNING * * *
You feel sick. The scorpion barely misses you.
You completely miss the scorpion.
The scorpion is moderately wounded.
* * * LOW HITPOINT WARNING * * *
You feel sick. The scorpion barely misses you.
You barely miss the scorpion.
The scorpion is moderately wounded.
You die...

#.######### ..#
#.....#... ....
###.#.######...
#............#
#.##.........#
#.##.........#
#.###........#
#)#@s......#...
#.#.#####..#
#)#.# . ....r
#.#.. .# .....#
#.####.# ######
#......# ...#
###....# ...
#.#.## ##.##
#.#.# #...#


You could see a scorpion.

Vanquished Creatures
  An orc wizard (D:4)
  Jessica (D:2)
  An iguana (D:3)
  A hound skeleton (D:4)
  Robin (D:1)
  2 adders (D:2)
  An ooze (D:3)
  An adder zombie (D:3)
  3 worms
  3 dart slugs
  A leopard gecko (D:2)
  12 orcs
  A ball python (D:3)
  11 bats
  5 giant cockroaches
  13 goblins
  11 hobgoblins
  4 jackals (D:3)
  4 quokkas
  2 frilled lizards (D:2)
  16 kobolds
  9 rats
104 creatures vanquished.

Notes
Turn   | Place    | Note
-------+----------+-------------------------------------------
     0 | D:1      | Laan the Kobold Assassin began the quest for the Orb.
     0 | D:1      | Reached XP level 1. HP: 12/12 MP: 1/1
   312 | D:1      | Reached XP level 2. HP: 17/17 MP: 2/2
   471 | D:1      | Reached skill level 6 in Stealth
   547 | D:1      | Reached XP level 3. HP: 21/21 MP: 3/3
  1025 | D:2      | Noticed Robin
  1367 | D:1      | Reached skill level 7 in Stealth
  1517 | D:1      | Killed Robin
  1517 | D:1      | Reached XP level 4. HP: 24/26 MP: 4/4
  1697 | D:2      | Noticed Jessica
  1711 | D:2      | Killed Jessica
  1711 | D:2      | Reached skill level 8 in Stealth
  1726 | D:2      | Reached XP level 5. HP: 19/30 MP: 5/5
  2889 | D:3      | Found a shattered altar of Ashenzari.
  2903 | D:3      | Became a worshipper of Ashenzari the Shackled
  3450 | D:3      | Reached skill level 9 in Stealth
  3492 | D:3      | HP: 1/30 [iguana (7)]
  3712 | D:3      | Reached XP level 6. HP: 35/35 MP: 6/6
  4566 | D:4      | HP: 1/35 [orc wizard/puff of frost (5)]
  4576 | D:4      | Reached skill level 10 in Stealth
  4636 | D:4      | Gained mutation: Your magical capacity is low. (-10% MP) [potion of mutation]
  4636 | D:4      | Gained mutation: You are clumsy. (Dex -2) [potion of mutation]
  4636 | D:4      | Gained mutation: Armour fits poorly on your strangely shaped body. [potion of mutation]
  4636 | D:4      | Gained mutation: Your flesh is cold resistant. (rC+) [potion of mutation]
  4639 | D:4      | HP: 1/35 [poisoned by a scorpion]
  4640 | D:4      | Succumbed to a scorpion's poison

Vault maps used:
D:1:      dpeg_arrival_oval
D:2:      kennysheep_generic_room_3, uniq_jessica, uniq_robin
D:3:      evilmike_ruin_ashenzari, first_bread, serial_bayou_pond_b,
          minmay_divided_ellipse
D:4:      uniq_pikel, uniq_edmund

Skill      XL: |  1  2  3  4  5  6 |
---------------+-------------------+-----
Short Blades   | 3 |  3.0
Stealth        | 6 7 8 9 10 | 10.0
Fighting       | |  2.1
Throwing       | |  2.1
Dodging        | |  1.2

Action                   |  1- 3 |  4- 6 || total
-------------------------+-------+-------++-------
Melee: Dagger            |   106 |   361 ||   467
  Use: Potion            |       |     5 ||     5
 Stab: Sleeping          |     7 |    21 ||    28
       Distracted        |       |     1 ||     1
  Eat: Chunk             |     4 |    17 ||    21
Armor: Robe              |    21 |    71 ||    92
Dodge: Dodged            |    74 |   195 ||   269
